 Dungeon Crawl Stone Soup version 0.26-a0-854-gdc81c2f471 (webtiles) character file.

Game seed: 3347064478786902737

757 iamoutofideas the Grasshopper (level 7, -11/56 HPs)
             Began as a Gnoll Warper on Nov 23, 2020.
             Was an Initiate of Gozag.
             Mangled by an ice beast (14 damage)
             ... on level 6 of the Dungeon.
             The game lasted 00:04:37 (4820 turns).

iamoutofideas the Grasshopper (Gnoll Warper)        Turns: 4820, Time: 00:04:39

Health: -11/56     AC:  6    Str: 16    XL:     7   Next: 79%
Magic:  15/15      EV: 15    Int: 21    God:    Gozag
Gold:   169        SH:  0    Dex: 20    Spells: 2/17 levels left

rFire    . . .     SeeInvis .   t - +1 war axe (vorpal)
rCold    . . .     Faith    .   (no shield)
rNeg     . . .     Spirit   .   b - +0 leather armour
rPois    .         Reflect  .   o - +0 helmet
rElec    .         Harm     .   (no cloak)
rCorr    .         Rampage  .   y - +1 pair of gloves
MR       .....                  (no boots)
Stlth    ++........             w - amulet of the acrobat
HPRegen  0.18/turn              h - +6 ring of intelligence
MPRegen  0.14/turn              m - +6 ring of dexterity (curse)

@: gold aura, slowed, very slow
A: distributed training, fangs 1, strong nose
a: Potion Petition, Call Merchant, Bribe Branch, Renounce Religion


You were on level 6 of the Dungeon.
You worshipped Gozag.
Gozag was aware of your devotion.
You visited 1 branch of the dungeon, and saw 6 of its levels.

You collected 234 gold pieces.
You paid 65 gold pieces to Gozag.

Inventory:

Hand Weapons
 a - a +0 hand axe
 t - a +1 vorpal war axe (weapon)
Missiles
 e - 3 boomerangs of dispersal (quivered)
 l - 3 boomerangs
Armour
 b - a +0 leather armour (worn)
 i - a +0 buckler
 o - a +0 helmet (worn)
 y - a +1 pair of gloves (worn)
Jewellery
 h - a +6 ring of intelligence (left hand)
 m - a cursed +6 ring of dexterity (right hand)
 w - an amulet of the acrobat (around neck)
 A - an uncursed ring of ice {unknown}
Wands
 j - a wand of flame (22)
 x - a wand of polymorph (6)
Scrolls
 c - 12 scrolls of identify {unknown}
 d - 2 scrolls of blinking
 f - 2 scrolls of fear {unknown}
 g - a scroll of noise {unknown}
 n - 2 scrolls of random uselessness {unknown}
 p - a scroll of enchant armour {unknown}
 s - 3 scrolls of immolation {unknown}
 u - 2 scrolls of remove curse {unknown}
 v - a scroll of teleportation {unknown}
 B - a scroll of magic mapping {unknown}
Potions
 k - a potion of haste
 q - 4 potions of heal wounds
 r - 2 potions of curing {unknown}
 z - a potion of lignification


   Skills:
 + Level 5.3 Fighting
 + Level 2.7 Short Blades
 + Level 2.7 Long Blades
 + Level 5.3 Axes
 + Level 2.7 Maces & Flails
 + Level 2.7 Polearms
 + Level 2.7 Staves
 + Level 2.7 Slings
 + Level 2.7 Bows
 + Level 2.7 Crossbows
 + Level 3.8 Throwing
 + Level 3.8 Armour
 + Level 5.3 Dodging
 + Level 2.7 Stealth
 + Level 2.7 Shields
 + Level 2.7 Unarmed Combat
 + Level 5.7 Spellcasting
 + Level 2.2 Conjurations
 + Level 2.2 Hexes
 + Level 2.2 Summonings
 + Level 2.2 Necromancy
 + Level 5.9 Translocations
 + Level 2.2 Transmutations
 + Level 2.2 Fire Magic
 + Level 2.2 Ice Magic
 + Level 2.2 Air Magic
 + Level 2.2 Earth Magic
 + Level 2.2 Poison Magic
 + Level 3.0 Invocations
 + Level 2.7 Evocations


You had 2 spell levels left.
You knew the following spells:

 Your Spells              Type           Power        Failure   Level
a - Blink                 Tloc           N/A          1%          2
b - Gell's Gravitas       Tloc           ####......   3%          3
c - Teleport Other        Tloc           ####....     3%          3
d - Passage of Golubria   Tloc           N/A          11%         4
e - Lesser Beckoning      Tloc           ####......   3%          3

Your spell library contained the following spells:

 Spells                   Type           Power        Failure   Level


Dungeon Overview and Level Annotations

Branches:
Dungeon (7/15)             Temple (0/1) D:6

Altars:
Ashenzari
Gozag
Makhleb
Sif Muna

Annotations:
D:2 1 runed translucent door, Crazy Yiuf


Innate Abilities, Weirdness & Mutations

Your experience applies equally to all skills.
You have very sharp teeth.
Your uncanny sense of smell can sniff out nearby items.


Message History

* * * LOW HITPOINT WARNING * * *
The killer bee zombie completely misses you.
The ice beast hits you but does no damage.
The killer bee zombie barely misses you.
The ice beast becomes distracted by the nearby gold, dreaming of imaginary riches.
You hit the killer bee zombie.
The killer bee zombie is heavily damaged.
You barely miss the ice beast.
The ice beast is no longer distracted by gold.
The killer bee zombie hits you.
* * * LOW HITPOINT WARNING * * *
The killer bee zombie hits you.
* * * LOW HITPOINT WARNING * * *
The ice beast hits you but does no damage.
The killer bee zombie closely misses you.
The ice beast hits you.
* * * LOW HITPOINT WARNING * * *
The ice beast freezes you!
You die...
Your body crumbles into a pile of gold.

..#....######
.#..........
'........$. #..........
#.......... #..........
#.$.$##############
#)YZ##.......#....#
###.>@.........'....#
#....$$$.........#.<..#
#.......##.......#....#
#....#..##...#######..#
#....#..##+### #....###
#....#..# $ #...<#
.######### #....# [.
#.(..# ###....#### ...
+....# #....##..#.


You could see an ice beast and a killer bee zombie.

Vanquished Creatures
  A sky beast (D:6)
  An ice beast (D:6)
  A centaur zombie (D:4)
  4 orc priests
  A hound (D:4)
  4 orc wizards
  A bullfrog skeleton (D:4)
  2 worker ants (D:4)
  Robin (D:2)
  4 adders
  A white imp (D:6)
  An ooze (D:2)
  2 worms (D:2)
  A dart slug (D:2)
  8 leopard geckos
  23 orcs
  11 bats
  3 giant cockroaches
  17 goblins
  3 hobgoblins
  10 jackals
  8 kobolds
  2 ball pythons (D:1)
  4 frilled lizards
  A leopard gecko zombie (D:6)
  A quokka zombie (D:4)
  8 rats
124 creatures vanquished.

Vanquished Creatures (others)
  4 fungi (D:2)
4 creatures vanquished.

Grand Total: 128 creatures vanquished

Notes
Turn   | Place    | Note
-------+----------+-------------------------------------------
     0 | D:1      | iamoutofideas the Gnoll Warper began the quest for the Orb.
     0 | D:1      | Reached XP level 1. HP: 20/20 MP: 6/6
    95 | D:1      | Reached XP level 2. HP: 21/26 MP: 7/7
   661 | D:1      | Reached XP level 3. HP: 14/31 MP: 9/9
   663 | D:1      | Reached skill level 5 in Spellcasting
  1533 | D:2      | Reached skill level 1 in Invocations
  1602 | D:2      | Reached skill level 1 in Short Blades
  1602 | D:2      | Reached skill level 1 in Long Blades
  1602 | D:2      | Reached skill level 1 in Maces & Flails
  1602 | D:2      | Reached skill level 1 in Polearms
  1602 | D:2      | Reached skill level 1 in Staves
  1602 | D:2      | Reached skill level 1 in Slings
  1602 | D:2      | Reached skill level 1 in Bows
  1602 | D:2      | Reached skill level 1 in Crossbows
  1602 | D:2      | Reached skill level 1 in Stealth
  1602 | D:2      | Reached skill level 1 in Shields
  1602 | D:2      | Reached skill level 1 in Unarmed Combat
  1602 | D:2      | Reached skill level 1 in Evocations
  1701 | D:2      | Noticed Robin
  1706 | D:2      | Reached XP level 4. HP: 32/38 MP: 11/11
  1716 | D:2      | Killed Robin
  1995 | D:2      | Found a broken altar of Ashenzari.
  2004 | D:2      | Reached skill level 1 in Conjurations
  2004 | D:2      | Reached skill level 1 in Hexes
  2004 | D:2      | Reached skill level 1 in Summonings
  2004 | D:2      | Reached skill level 1 in Necromancy
  2004 | D:2      | Reached skill level 1 in Transmutations
  2004 | D:2      | Reached skill level 1 in Fire Magic
  2004 | D:2      | Reached skill level 1 in Ice Magic
  2004 | D:2      | Reached skill level 1 in Air Magic
  2004 | D:2      | Reached skill level 1 in Earth Magic
  2004 | D:2      | Reached skill level 1 in Poison Magic
  2100 | D:2      | Found a shimmering blue altar of Sif Muna.
  2252 | D:2      | Learned a level 2 spell: Blink
  2256 | D:2      | Learned a level 3 spell: Gell's Gravitas
  2260 | D:2      | Learned a level 3 spell: Teleport Other
  2265 | D:2      | Learned a level 4 spell: Passage of Golubria
  2294 | D:2      | Reached XP level 5. HP: 43/43 MP: 12/12
  2478 | D:2      | Found a runed translucent door.
  2479 | D:2      | Noticed Crazy Yiuf
  2616 | D:3      | Found a burning altar of Makhleb.
  2616 | D:3      | Noticed an Executioner
  2619 | D:3      | Noticed a ynoxinul
  2619 | D:3      | Noticed a hellwing
  2950 | D:3      | Reached XP level 6. HP: 26/50 MP: 13/13
  3786 | D:4      | Learned a level 3 spell: Lesser Beckoning
  3808 | D:4      | Reached skill level 5 in Fighting
  3808 | D:4      | Reached skill level 5 in Axes
  3808 | D:4      | Reached skill level 5 in Dodging
  4215 | D:4      | Reached XP level 7. HP: 25/56 MP: 15/15
  4416 | D:4      | You fall into a shaft and drop 3 floors!
  4419 | D:7      | Found an opulent altar of Gozag.
  4430 | D:7      | Became a worshipper of Gozag Ym Sagoz the Greedy
  4797 | D:6      | Found a staircase to the Ecumenical Temple.
  4820 | D:6      | Mangled by an ice beast

Illustrated notes

Levels and vault maps discovered:
D:1:      dpeg_arrival_boxorama, layout_basic
D:2:      layout_loops_ring, ashenzari_altar_1, lemuel_blue_sif_altar,
          uniq_crazy_yiuf_cottage, uniq_robin
D:3:      kennysheep_big_flooded_room, layout_basic, makhleb_altar_promises_db
D:4:      layout_loops_ring, nrook_mini_vaults, uniq_pikel
D:6:      layout_gridville, minmay_temple_entry_offerings, gammafunk_ghost_icy,
          kb_xom_exploding_sheep
D:7:      layout_basic, grunt_gozag_breadcrumbs, lemuel_doored_altar

Skill      XL: |  1  2  3  4  5  6  7 |
---------------+----------------------+-----
Spellcasting   | 5 |  5.7
Invocations    | 1 2 3 |  3.0
Short Blades   | 1 2 |  2.7
Long Blades    | 1 2 |  2.7
Maces & Flails | 1 2 |  2.7
Polearms       | 1 2 |  2.7
Staves         | 1 2 |  2.7
Slings         | 1 2 |  2.7
Bows           | 1 2 |  2.7
Crossbows      | 1 2 |  2.7
Stealth        | 1 2 |  2.7
Shields        | 1 2 |  2.7
Unarmed Combat | 1 2 |  2.7
Evocations     | 1 2 |  2.7
Conjurations   | 1 2 |  2.2
Hexes          | 1 2 |  2.2
Summonings     | 1 2 |  2.2
Necromancy     | 1 2 |  2.2
Transmutations | 1 2 |  2.2
Fire Magic     | 1 2 |  2.2
Ice Magic      | 1 2 |  2.2
Air Magic      | 1 2 |  2.2
Earth Magic    | 1 2 |  2.2
Poison Magic   | 1 2 |  2.2
Throwing       | 3 |  3.8
Armour         | 3 |  3.8
Fighting       | 5 |  5.3
Axes           | 5 |  5.3
Dodging        | 5 |  5.3
Translocations | |  5.9

Action                   |  1- 3 |  4- 6 |  7- 9 || total
-------------------------+-------+-------+-------++-------
Melee: Hand axe          |   126 |    36 |       ||   162
       Bite              |     6 |    22 |     4 ||    32
       War axe           |       |   117 |    32 ||   149
Throw: Boomerang         |       |     2 |       ||     2
  Use: Potion            |       |     7 |       ||     7
 Stab: Sleeping          |       |     2 |       ||     2
       Distracted        |       |       |     1 ||     1
Armor: Leather armour    |    40 |    27 |    20 ||    87
Dodge: Dodged            |   133 |   139 |    36 ||   308

Table legend: (Time is in decaauts)
 A = Elapsed time spent in this place.
 B = Non-inter-level travel time spent in this place.
 C = Inter-level travel time spent in this place.
 D = Time resting spent in this place.
 E = Time spent auto-exploring this place.
 F = Levels seen in this place.
 G = Mean time per level.
                   A        B        C        D        E       F      G
               +--------+--------+--------+--------+--------+-----+--------+
         Total |   4856 |   4701 |    155 |   1042 |   2876 |   6 |  809.3 |
       Dungeon |   4856 |   4701 |    155 |   1042 |   2876 |   6 |  809.3 |
               +--------+--------+--------+--------+--------+-----+--------+

Top non-repeatable levels by time:
     D:1: 1523 daAuts
     D:3: 1241 daAuts
     D:2: 1022 daAuts
     D:4: 651 daAuts
     D:6: 345 daAuts
     D:7: 72 daAuts
